 Dungeon Crawl Stone Soup version 0.30-a0-782-ge64f9170bb (webtiles) character file.

Game seed: 9811404753173930642

134 themarg the Firebug (level 4, -3/45 HPs)
             Began as a Demonspawn Fire Elementalist on Feb 18, 2023.
             Slain by an orc
             ... wielding a +0 dagger
              (4 damage)
             ... on level 2 of the Dungeon.
             The game lasted 00:07:28 (2550 turns).

themarg the Firebug (Demonspawn Fire Elementalist)  Turns: 2550, Time: 00:07:29

Health: -3/45      AC:  2    Str:  8    XL:     4   Next: 95%
Magic:  7/9        EV: 12    Int: 25    God:
Gold:   87         SH:  0    Dex: 13    Spells: 7/10 levels left

rFire   . . .      SeeInvis .    f - +0 dagger (elec)
rCold   . . .      Faith    .    (no shield)
rNeg    . . .      Spirit   .    a - +0 robe
rPois   .          Reflect  .    q - +0 hat
rElec   .          Harm     .    (no cloak)
rCorr   .          Rampage  .    (no gloves)
Will    .....                    (no boots) Stlth
                                 (no amulet)
HPRegen 0.27/turn                j - +6 ring of intelligence
MPRegen 0.11/turn                (no ring)

@: berserking, very quick
A: antennae 1, powered by death 1
a: no special abilities


You were on level 2 of the Dungeon.
You visited 1 branch of the dungeon, and saw 3 of its levels.

You collected 87 gold pieces.

Inventory:

Hand Weapons
 e - a +2 demon blade of electrocution
 f - a +0 dagger of electrocution (weapon)
 s - a +1 dagger of freezing
Missiles
 c - 7 stones
 d - 7 poisoned darts
 r - 2 silver javelins
Armour
 a - a +0 robe (worn)
 q - a +0 hat (worn)
Jewellery
 j - a +6 ring of intelligence (left hand)
Scrolls
 h - 2 scrolls of identify {unknown}
 k - a scroll of teleportation {unknown}
 l - a scroll of enchant weapon {unknown}
 o - a scroll of poison {unknown}
 p - 2 scrolls of fog {unknown}
Potions
 b - a potion of magic
 g - 2 potions of berserk rage
 i - a potion of flight {unknown}
 m - a potion of curing {unknown}
 n - a potion of brilliance {unknown}


   Skills:
 - Level 1.7 Dodging
 - Level 2.0 Stealth
 + Level 3.6 Spellcasting
 - Level 1.0 Conjurations
 + Level 4.0 Fire Magic


You had 7 spell levels left.
You knew the following spells:

 Your Spells              Type           Power      Damage    Failure   Level
a - Foxfire               Conj/Fire      68%        2x1d7     3%          1
b - Scorch                Fire           48%        2d7       2%          2

Your spell library contained the following spells:

 Spells                   Type           Power      Damage    Failure   Level
 Magic Dart               Conj           36%        1d4       6%          1
 Inner Flame              Hex/Fire       14%        N/A       12%         3
 Call Imp                 Summ           4%         N/A       14%         2
 Ensorcelled Hibernation  Hex/Ice        8%         N/A       14%         2
 Passwall                 Tmut/Erth      3%         N/A       14%         2
 Kindle Blastsparks       Fire/Tloc/Air  22%        2d11      16%         3
 Mephitic Cloud           Conj/Pois/Air  6%         N/A       26%         3
 Swiftness                Air            4%         N/A       28%         3
 Flame Wave               Conj/Fire      17%        2d7       32%         4


Dungeon Overview and Level Annotations

Branches:
Dungeon (3/15)

Altars:


Innate Abilities, Weirdness & Mutations

You have a pair of small antennae on your head.
You regenerate a little health from kills.


Message History

The orc wizard casts a spell at you. You resist with some effort.
Flames lash the orc wizard.
The orc wizard is burned terribly!
The orc wizard is almost dead.
The orc wizard casts a spell at you. The puff of flame hits you.
Flames lash the orc wizard.
The orc wizard is burned terribly!
You kill the orc wizard!
Your Fire Magic skill increases to level 4!
Things that are here:
a +1 dagger of freezing; a +0 robe; an orc corpse
s - a +1 dagger of freezing You start resting.
HP restored.
You start resting.
Magic restored.
There is a stone staircase leading down here.
You climb downwards.
The worm bites you. The orc barely misses you. x2
There is a stone staircase leading up here.
The orc hits you with a +0 dagger. The orc hits you with a +0 hand axe.
The orc barely misses you. The worm bites you.
You climb upwards.
There is a stone staircase leading down here.
The orc attacks as you move away! The orc hits you with a +0 hand axe.
The orc attacks as you move away! The orc closely misses you.
The orc hits you with a +0 hand axe.
* * * LOW HITPOINT WARNING * * *
The orc attacks as you move away! The orc hits you with a +0 dagger.
* * * LOW HITPOINT WARNING * * *
Flames lash the worm.
The worm is heavily wounded.
The worm's fire resistance burns away.
The orc hits you with a +0 dagger.
* * * LOW HITPOINT WARNING * * *
The orc hits you with a +0 hand axe.
* * * LOW HITPOINT WARNING * * *
It was a potion of berserk rage.
A red film seems to cover your vision as you go berserk!
You feel yourself moving faster!
You feel mighty! The orc hits you with a +0 dagger.
You die...

####### #.....#
#..>..# #.[...#
#....w# #...oo#
#....@# #######
#.....# ##......
#.....# ##..#####
#.....# #..##
############...###
###.##
.............#.#
##...#
.#########.....###
#..### .#
##.<#....#####.## .#
##..###...).....#####


You could see a worm (combustible) and 2 orcs.

Vanquished Creatures
  An orc wizard (D:2)
  Robin (D:2)
  3 gnolls (D:2)
  An adder (D:2)
  2 worms (D:2)
  A dart slug (D:2)
  5 ball pythons
  5 bats
  4 endoplasms
  A giant cockroach (D:2)
  12 goblins
  3 hobgoblins (D:2)
  4 jackals (D:1)
  2 kobolds (D:1)
  A quokka (D:2)
  3 frilled lizards
49 creatures vanquished.

Vanquished Creatures (others)
  97 foxfires
97 creatures vanquished.

Grand Total: 146 creatures vanquished

Notes
Turn   | Place    | Note
-------+----------+-------------------------------------------
     0 | D:1      | themarg the Demonspawn Fire Elementalist began the quest
                  | for the Orb.
     0 | D:1      | Reached XP level 1. HP: 13/13 MP: 3/3
   284 | D:1      | Gained mutation: You have a pair of small antennae on your
                  | head. [demonic ancestry]
   284 | D:1      | Reached XP level 2. HP: 14/19 MP: 0/5
   287 | D:1      | Learned a level 2 spell: Scorch
   550 | D:1      | Reached skill level 3 in Fire Magic
  1261 | D:2      | Gained mutation: You regenerate a little health from kills.
                  | [demonic ancestry]
  1261 | D:2      | Reached XP level 3. HP: 24/24 MP: 1/7
  1616 | D:2      | Reached XP level 4. HP: 30/30 MP: 4/8
  1648 | D:2      | Noticed Robin
  2371 | D:2      | Killed Robin
  2489 | D:2      | Reached skill level 4 in Fire Magic
  2549 | D:2      | HP: 1/30 [orc/+0 hand axe (3)]
  2550 | D:2      | Slain by an orc

Illustrated notes

Levels and vault maps discovered:
D:1:      dpeg_arrival_solitude, layout_basic
D:2:      layout_rooms, uniq_robin
D:3:      layout_rooms, serial_shops, nicolae_shop_behind_doors,
          nicolae_shop_behind_doors, nicolae_shop_crystal,
          nicolae_shop_bloodbath_and_beyond, shop, gammafunk_ghost_mausoleum

Skill      XL: |  1  2  3  4 |
---------------+-------------+-----
Stealth        | 2 |  2.0
Fire Magic     | 3 4 |  4.0
Spellcasting   | 3 |  3.6
Dodging        | |  1.7
Conjurations   | |  1.0

Action                     |  1- 3 |  4- 6 || total
---------------------------+-------+-------++-------
  Melee: Demon blade       |    12 |       ||    12
   Cast: Foxfire           |    36 |    20 ||    56
         Scorch            |    12 |    17 ||    29
    Use: Potion            |       |     1 ||     1
 Armour: Robe              |     3 |       ||     3
  Dodge: Dodged            |    13 |     7 ||    20

Table legend: (Time is in decaauts)
 A = Elapsed time spent in this place.
 B = Non-inter-level travel time spent in this place.
 C = Inter-level travel time spent in this place.
 D = Time resting spent in this place.
 E = Time spent auto-exploring this place.
 F = Levels seen in this place.
 G = Mean time per level.
                   A        B        C        D        E       F      G
               +--------+--------+--------+--------+--------+-----+--------+
         Total |   2557 |   2423 |    134 |    604 |   1444 |   3 |  852.3 |
       Dungeon |   2557 |   2423 |    134 |    604 |   1444 |   3 |  852.3 |
               +--------+--------+--------+--------+--------+-----+--------+

Top non-repeatable levels by time:
     D:1: 1707 daAuts
     D:2: 845 daAuts
     D:3: 4 daAuts
